 Dungeon Crawl Stone Soup version 0.21.1-1-g345015fe64 (webtiles) character file.

449 LevaFresel the Shooter (level 7, -10/46 HPs)
             Began as a Halfling Hunter on June 4, 2018.
             Was a Follower of Okawaru.
             Killed from afar by an ogre (29 damage)
             ... with an exploding inner flame
             ... hexed by the player character
             ... on level 5 of the Dungeon.
             The game lasted 00:35:03 (4894 turns).

LevaFresel the Shooter (Halfling Hunter)            Turns: 4894, Time: 00:35:04

Health: -10/46     AC:  8    Str: 20    XL:     7   Next: 25%
Magic:  8/8        EV: 14    Int:  9    God:    Okawaru [*.....]
Gold:   162        SH:  0    Dex: 15    Spells: 6/6 levels left

rFire    . . .     SeeInvis .   b - +4 short sword
rCold    . . .     Gourm    .   (shield restricted)
rNeg     . . .     Faith    .   t - +1 scale mail
rPois    .         Spirit   .   C - +0 helmet
rElec    .         Reflect  .   (no cloak)
rCorr    .         Harm     .   (no gloves)
MR       .....                  (no boots)
Stlth    +.........             u - amulet of regeneration
HPRegen  0.55/turn              (no ring)
MPRegen  0.11/turn              (no ring)

@: mighty
A: small, mutation resistance 1
a: Heroism, Renounce Religion


You were on level 5 of the Dungeon.
You worshipped Okawaru.
Okawaru was aware of your devotion.
You were not hungry.

You visited 2 branches of the dungeon, and saw 6 of its levels.
You also visited: Sewer.

You collected 162 gold pieces.

Inventory:

Hand Weapons
 a - a +1 shortbow
 b - a +4 short sword (weapon)
 k - a +1 dagger of venom
Missiles
 n - 23 arrows
Armour
 t - a +1 scale mail (worn)
 C - a +0 helmet (worn)
Jewellery
 u - an amulet of regeneration (around neck)
Wands
 r - a wand of digging (10)
 B - a wand of clouds (7)
Scrolls
 c - 2 scrolls of teleportation {unknown}
 d - a scroll of amnesia {unknown}
 e - a scroll of identify
 g - 2 scrolls of immolation
 h - 2 scrolls of blinking {unknown}
 i - 3 scrolls of remove curse
 l - 2 scrolls of magic mapping
 v - a scroll of noise {unknown}
 y - a scroll of enchant armour
Potions
 j - a potion of resistance
 m - a potion of agility {unknown}
 o - a potion of lignification {unknown}
 p - 3 potions of might
 s - 2 potions of heal wounds {unknown}
 w - a potion of cancellation {unknown}
 x - a potion of flight {unknown}
 z - a potion of haste {unknown}
 E - 3 potions of magic {unknown}
 F - a potion of curing
 G - a potion of brilliance {unknown}
Books
 A - a book of Cantrips

   Spells                             Type                      Level
   a - Confusing Touch                Hexes                        1
   b - Animate Skeleton               Necromancy                   1
   c - Summon Small Mammal            Summoning                    1
   d - Apportation                    Translocation                1
Comestibles
 f - 2 rations


   Skills:
 + Level 3.1 Fighting
 + Level 2.0 Short Blades
 * Level 6.3 Bows
 + Level 2.2 Armour
 + Level 3.6 Dodging
 - Level 2.0 Stealth
 + Level 2.0 Invocations


You had 6 spell levels left.
You didn't know any spells.

Dungeon Overview and Level Annotations

Branches:
Dungeon (5/15)             Temple (1/1) D:4

Altars:
Ashenzari
Dithmenos
Elyvilon
Fedhas
Hepliaklqana
Kikubaaqudgha
Makhleb
Okawaru
Ru
Sif Muna
Trog
Uskayaw
Wu Jian
Xom
Yredelemnul
Zin
The Shining One


Innate Abilities, Weirdness & Mutations

You are small and have problems with some larger weapons.
You are somewhat resistant to further mutation.


Message History

The dust glows dark brown!
It was a scroll of random uselessness.
The ogre closely misses you.
As you read the scroll labeled WAFEKI ODDUUWN, it crumbles to dust.
You feel blessed for a moment.
It was a scroll of remove curse.
You feel better. The ogre closely misses you.
You feel very mighty all of a sudden. The ogre closely misses you.
You hit the ogre.
The ogre is moderately wounded.
The ogre misses you.
You puncture the ogre!
The ogre is heavily wounded.
You barely miss the ogre.
The ogre is heavily wounded.
The ogre closely misses you.
You puncture the ogre!
The ogre explodes!
The fiery explosion engulfs you!
Ouch! That really hurt!
You die...

,,,,,* #.......#*,,,,,,,,,,,**,*
,,,,,* #.......##,,,,,,,,,,,*,,,
,,,,,* #........#,,,,,,,,,,,*,,,
,,,,,* #........#,,,,,,,,,,,*,,,
,,,,,* #.....<.######********,,,
****** #............#,,,,,,,,,,,
######.......####.#,,,,,,,,,,,
***#...............#,*,,,,,,,,,,,
,,,...........§§@#.#,*,,,,,,,,,,,
,,,...........§.##,#,*,**,*****+*
,,,...........§§.#,*,*,**,* *,*
,,,......(.......#,*,*,**,* *,*
,,,.......######.#,*,*,**,* *,*
,,,.......* *.#,*,*,,,,* *,*
,,,.......* *.#,*,**********,*
,,,(..####* *.#,*,,,,,,,,,,*,*
,,,...* *,*,**********,*,*


There were no monsters in sight!

Vanquished Creatures
  A scorpion (D:4)
  A hound (D:4)
  An orc wizard (D:2)
  Ijyb (D:4)
  A worker ant (D:4)
  Terence (D:3)
  Robin (D:4)
  7 adders
  3 river rats (Sewer)
  2 oozes
  4 worms
  2 dart slugs (D:2)
  7 leopard geckos
  11 orcs
  4 ball pythons
  6 giant cockroaches
  18 goblins
  8 hobgoblins
  17 jackals
  A quokka (D:2)
  10 bats
  13 frilled lizards
  10 kobolds
  A leopard gecko skeleton (D:4)
  6 rats
137 creatures vanquished.

Notes
Turn   | Place    | Note
-------+----------+-------------------------------------------
     0 | D:1      | LevaFresel the Halfling Hunter began the quest for the Orb.
     0 | D:1      | Reached XP level 1. HP: 14/14 MP: 1/1
   105 | D:1      | Reached XP level 2. HP: 19/19 MP: 2/2
   255 | D:1      | Found an iron altar of Okawaru.
   292 | D:1      | Became a worshipper of Warmaster Okawaru
   589 | D:1      | Reached XP level 3. HP: 24/24 MP: 3/3
   794 | D:2      | Reached skill level 5 in Bows
  1056 | D:2      | Reached XP level 4. HP: 28/29 MP: 4/4
  1951 | D:2      | Reached XP level 5. HP: 32/35 MP: 5/5
  1957 | D:2      | Found an iron altar of Okawaru.
  2330 | D:2      | Reached skill level 1 in Armour
  2330 | D:2      | HP: 1/35 [orc (2)]
  2697 | D:3      | Reached skill level 1 in Short Blades
  2730 | D:3      | Reached skill level 1 in Invocations
  2823 | D:3      | Noticed Terence
  3201 | D:3      | Killed Terence
  3201 | D:3      | Reached XP level 6. HP: 30/41 MP: 6/6
  3312 | D:4      | Noticed Ijyb
  3327 | D:4      | Killed Ijyb
  3357 | D:4      | Found a staircase to the Ecumenical Temple.
  3362 | Temple   | Entered the Ecumenical Temple
  3645 | D:4      | Found a bloodstained altar of Trog.
  3651 | D:4      | Got an ancient dagger
  3788 | D:4      | Reached skill level 6 in Bows
  3832 | D:4      | Noticed Robin
  3859 | D:4      | Killed Robin
  3928 | D:4      | Reached XP level 7. HP: 45/45 MP: 8/8
  3948 | D:4      | Found a glowing drain.
  3984 | Sewer    | Entered a sewer
  4023 | Sewer    | Reached * piety under Okawaru
  4518 | D:4      | Identified the cursed +2 dagger of the Lesser Evil {protect, rElec rN+ Dex-2 SInv} (You found it on level 4 of the Dungeon)
  4670 | D:4      | Found a deep blue altar of Sif Muna.
  4842 | D:5      | Entered Level 5 of the Dungeon
  4894 | D:5      | Killed from afar by an ogre

Skill      XL: |  1  2  3  4  5  6  7 |
---------------+----------------------+-----
Fighting       | 2 3 |  3.1
Bows           | 5 6 |  6.3
Dodging        | 3 |  3.6
Armour         | 1 2 |  2.2
Short Blades   | 1 2 |  2.0
Invocations    | 1 2 |  2.0
Stealth        | 2 |  2.0

Action                   |  1- 3 |  4- 6 |  7- 9 || total
-------------------------+-------+-------+-------++-------
Melee: Short sword       |    38 |   119 |    52 ||   209
 Fire: Shortbow          |    72 |   185 |    46 ||   303
Throw: Tomahawk          |       |       |     4 ||     4
  Use: Scroll            |     1 |     4 |     6 ||    11
       Potion            |       |     2 |     2 ||     4
  Eat: Ration            |       |     3 |     1 ||     4
Armor: Leather armour    |    12 |       |       ||    12
       Ring mail         |       |    32 |       ||    32
       Scale mail        |       |    50 |    18 ||    68
Dodge: Dodged            |    72 |   175 |    55 ||   302
